 Dungeon Crawl Stone Soup version 0.24-a0-443-g80245de (webtiles) character file.

Game seed: 120127401345509203

107 Fortuna the Skirmisher (level 4, 0/41 HPs)
             Began as a Minotaur Berserker on June 21, 2019.
             Was a Believer of Trog.
             Slain by Natasha (5 damage)
             ... on level 2 of the Dungeon.
             The game lasted 00:05:38 (1643 turns).

Fortuna the Skirmisher (Minotaur Berserker)         Turns: 1643, Time: 00:05:40

Health: 0/41       AC:  2    Str: 23    XL:     4   Next: 57%
Magic:  12/12      EV: 12    Int:  4    God:    Trog [**....]
Gold:   67         SH:  3    Dex:  9    Spells: 3/3 levels left

rFire    . . .     SeeInvis .   t - +0 flail
rCold    . . .     Gourm    .   g - +0 buckler
rNeg     . . .     Faith    .   m - -1 leather armour (curse)
rPois    .         Spirit   .   (helmet restricted)
rElec    .         Reflect  .   (no cloak)
rCorr    .         Harm     .   (no gloves)
MR       .....                  (no boots)
Stlth    +.........             (no amulet)
HPRegen  0.13/turn              p - ring of magical power
MPRegen  0.13/turn              (no ring)

@: berserk cooldown, slowed, very slow
A: retaliatory headbutt, horns 2
a: Berserk, Trog's Hand, Renounce Religion


You were on level 2 of the Dungeon.
You worshipped Trog.
Trog was pleased with you.
You were not hungry.

You visited 1 branch of the dungeon, and saw 2 of its levels.

You collected 67 gold pieces.

Inventory:

Hand Weapons
 t - a +0 flail (weapon)
Armour
 g - a +0 buckler (worn)
 m - a cursed -1 leather armour (worn)
 s - a +0 ring mail
Jewellery
 p - a ring of magical power (left hand)
Scrolls
 b - 2 scrolls of magic mapping
 e - a scroll of fear
 j - 2 scrolls of teleportation
Potions
 a - 2 potions of magic {unknown}
 d - 2 potions of curing
 h - 2 potions of heal wounds {unknown}
 i - a potion of mutation {unknown}
 k - a potion of brilliance {unknown}
 l - a potion of ambrosia {unknown}
 n - a potion of flight {unknown}
 o - a potion of haste {unknown}
 r - a potion of might {unknown}
Comestibles
 c - 6 rations
 f - a chunk of flesh


   Skills:
 + Level 4.4 Fighting
 + Level 4.4 Maces & Flails
 + Level 3.5 Armour
 - Level 3.0 Dodging
 + Level 1.4 Shields


You had 3 spell levels left.
You didn't know any spells.
Your spell library was empty.

Dungeon Overview and Level Annotations

Branches:
Dungeon (2/15)

Altars:

Annotations:
D:2 Natasha


Innate Abilities, Weirdness & Mutations

You reflexively headbutt those who attack you in melee.
You have a pair of horns on your head.


Message History

Natasha hisses angrily.
Natasha mewls in sadness.
Natasha stares at you and mumbles some strange words.
The magic dart hits you!
You barely miss Natasha. Natasha claws you!
* * * LOW HITPOINT WARNING * * *
Natasha wildly gestures.
Natasha shimmers violently.
Natasha closely misses you.
You closely miss Natasha.
Natasha mumbles some strange words.
Natasha shimmers violently.
Natasha mumbles some strange words.
You hit Natasha. Your headbutt misses Natasha.
Natasha is lightly wounded.
Natasha casts a spell at you. The magic dart hits you.
* * * LOW HITPOINT WARNING * * *
Natasha claws you.
You die...

#.# #....#.######### #.#
#.##.#.# #.####.##.#.#
#.........#.# ###
#.####.#..#.# ..# #
#......#.# #.#
#.##....5.#.# #.#
#........h..# #.#
####.....@### ## #.#
#......# ###. #.# ###.##.#
##### #... #.#
#.##.#####...# #.#.
#.###########.##<........#
#.#.
#.............##.#####...#
#.#. ################.#
##.#.#####.#.
#.####.###......#.
#.....## ##.......


You could see Natasha and a crimson imp.

Vanquished Creatures
  Natasha (D:2)
  3 adders (D:2)
  3 dart slugs
  2 leopard geckos
  4 orcs (D:2)
  A ball python (D:1)
  3 goblins
  7 hobgoblins
  2 jackals (D:1)
  4 kobolds
  A quokka (D:2)
  5 bats
  3 frilled lizards
  5 rats
44 creatures vanquished.

Notes
Turn   | Place    | Note
-------+----------+-------------------------------------------
     0 | D:1      | Fortuna the Minotaur Berserker began the quest for the Orb.
     0 | D:1      | Reached XP level 1. HP: 19/19 MP: 0/0
   151 | D:1      | Reached XP level 2. HP: 20/27 MP: 1/1
   971 | D:2      | Reached XP level 3. HP: 33/33 MP: 2/2
  1333 | D:2      | Reached XP level 4. HP: 40/40 MP: 3/3
  1336 | D:2      | Reached skill level 1 in Shields
  1362 | D:2      | Reached ** piety under Trog
  1618 | D:2      | Noticed Natasha
  1625 | D:2      | Killed Natasha
  1639 | D:2      | Noticed Natasha
  1643 | D:2      | Slain by Natasha

Levels and vault maps discovered:
D:1:      dpeg_arrival_arbitrary_c, layout_rooms, st_stairs_3,
          chequers_big_river, minmay_tall_x
D:2:      layout_loops_ring, first_ration, kennysheep_generic_room_2,
          uniq_natasha

Skill      XL: |  1  2  3  4 |
---------------+-------------+-----
Fighting       | 4 |  4.4
Maces & Flails | 4 |  4.4
Armour         | 3 |  3.5
Dodging        | 3 |  3.0
Shields        | 1 |  1.4

Action                   |  1- 3 |  4- 6 || total
-------------------------+-------+-------++-------
Melee: Mace              |    52 |       ||    52
       Headbutt          |     6 |     4 ||    10
       Flail             |     7 |    29 ||    36
Invok: Berserk           |     2 |     1 ||     3
  Use: Scroll            |     5 |       ||     5
  Eat: Chunk             |     1 |     4 ||     5
Armor: Animal skin       |     7 |       ||     7
       Leather armour    |     3 |     2 ||     5
Dodge: Dodged            |    47 |    14 ||    61
Block: Buckler           |     5 |     2 ||     7

Table legend:
 A = Non-vault XP
 B = Vault XP
 C = Vault XP percentage of total XP
 D = Non-vault monster count
 E = Vault monster count
 F = Vault count percentage of total count
                 A         B        C        D         E       F
            +---------+---------+-------+---------+---------+-------
      Total |     106 |      48 |  31.2 |      35 |       9 |  20.5
            +---------+---------+-------+---------+---------+-------
        D:1 |      25 |       9 |  26.5 |      14 |       6 |  30.0
        D:2 |      81 |      39 |  32.5 |      21 |       3 |  12.5
            +---------+---------+-------+---------+---------+-------
